 Dungeon Crawl Stone Soup version 0.30-a0-137-gd8773701ce (webtiles) character file.

Game seed: 15216700546310122933

93 zxpr0jk the Chiller (level 4, 0/33 HPs)
             Began as a Draconian Ice Elementalist on Sept 22, 2022.
             Slain by Natasha (4 damage)
             ... on level 2 of the Dungeon.
             The game lasted 00:04:47 (1175 turns).

zxpr0jk the Chiller (Draconian Ice Elementalist)    Turns: 1175, Time: 00:04:47

Health: 0/33       AC:  6    Str: 11    XL:     4   Next: 36%
Magic:  6/7        EV: 12    Int: 15    God:
Gold:   77         SH:  0    Dex: 11    Spells: 3/7 levels left

rFire   . . .      SeeInvis .    e - +2 dagger (drain)
rCold   . . .      Faith    .    (no shield)
rNeg    . . .      Spirit   .    (body armour unavailable)
rPois   .          Reflect  .    (helmet restricted)
rElec   .          Harm     .    (no cloak)
rCorr   .          Rampage  .    g - +0 pair of gloves
Will    .....                    (no boots)
Stlth   ++........               (no amulet)
HPRegen 0.11/turn                (no ring)
MPRegen 0.10/turn                (no ring)

@: slowed, very slow
A: AC +5, unfitting armour, cold-blooded, horns 1, weak 1
a: no special abilities


You were on level 2 of the Dungeon.
You visited 1 branch of the dungeon, and saw 2 of its levels.

You collected 77 gold pieces.

Inventory:

Hand Weapons
 e - a +2 dagger of draining (weapon)
Missiles
 c - 7 boomerangs (quivered)
Armour
 g - a +0 pair of gloves (worn)
Scrolls
 b - a scroll of noise {unknown}
 d - 3 scrolls of teleportation {unknown}
 i - a scroll of immolation {unknown}
Potions
 a - a potion of magic


   Skills:
 + Level 3.4 Throwing
 - Level 1.7 Dodging
 - Level 1.7 Stealth
 - Level 2.1 Spellcasting
 - Level 4.1 Ice Magic


You had 3 spell levels left.
You knew the following spells:

 Your Spells              Type           Power      Damage    Failure   Level
a - Freeze                Ice            56%        1d7       4%          1
b - Ozocubu's Armour      Ice            14%        N/A       12%         3

Your spell library contained the following spells:

 Spells                   Type           Power      Damage    Failure   Level
 Frozen Ramparts          Ice            28%        1d5       12%         3
 Hailstorm                Conj/Ice       7%         3d4       67%         4


Dungeon Overview and Level Annotations

Branches:
Dungeon (2/15)

Altars:

Shops:
D:1 *

Annotations:
D:2 Natasha


Innate Abilities, Weirdness & Mutations

Your plain brown scales are hard. (AC +5)
You cannot fit into any form of body armour.
You are cold-blooded and may be slowed by cold attacks.
You have a pair of small horns on your head.
You are weak. (Str -2)


Message History

You barely miss the adder.
The adder is almost dead.
You feel sick.
You are no longer poisoned.
The adder bites you.
You closely miss the adder.
The adder is almost dead.
Natasha drinks a potion.
Natasha seems to speed up.
The white imp gestures at you. The puff of frost hits you.
The adder bites you but does no damage. Natasha misses you.
The white imp barely misses you.
Unknown command.
Okay, then.
Casting: Freeze (safe; 4% risk of failure)
Confirm with . or Enter, or press ? or * to list all spells.
Aiming: Freeze (safe; 4% risk of failure)
Press: ? - help, Shift-Dir - straight line, f/p - adder
Aim: an adder (almost dead, slow)
You freeze the adder.
You kill the adder!
Natasha casts a spell at you.
You feel as though you will be slow longer.
The white imp hits you but does no damage.
Natasha barely misses you.
It was a potion of curing.
You feel better. Natasha closely misses you. The white imp gestures at you.
The puff of frost hits you!
Natasha stares at you and mumbles some strange words.
The magic dart hits you.
* * * LOW HITPOINT WARNING * * *
The white imp hits you.
* * * LOW HITPOINT WARNING * * *
The white imp freezes you.
* * * LOW HITPOINT WARNING * * *
Okay, then.
Okay, then.
It was a potion of mutation.
You feel extremely strange.
You feel weaker. A pair of horns grows on your head!
Natasha completely misses you. Natasha claws you.
You die...

### #.############
..###............
#.#.#.##########
####..#.# #.......#
#. #.##..#.####.#
##..###...).......>.#
...............###.##
♣.....=@....#..#
P~#....5h#.#[#.#
♣.#...##..###.#
♣..†#....## #.#
♣♣#..?##.. ##
##.###.# ##### #. #.#
..... #. ..# #####


You could see Natasha (fast) and a white imp (summoned).

Vanquished Creatures
  Natasha (twice) (D:2)
  An adder (D:2)
  A worm (D:2)
  A dart slug (D:1)
  A giant cockroach (D:1)
  2 goblins (D:1)
  3 hobgoblins
  2 kobolds (D:1)
  3 quokkas (D:1)
  5 ball pythons (D:1)
  3 bats
  2 frilled lizards (D:1)
  5 rats
31 creatures vanquished.

Vanquished Creatures (others)
  5 plants (D:2)
5 creatures vanquished.

Grand Total: 36 creatures vanquished

Notes
Turn   | Place    | Note
-------+----------+-------------------------------------------
     0 | D:1      | zxpr0jk the Draconian Ice Elementalist began the quest for
                  | the Orb.
     0 | D:1      | Reached XP level 1. HP: 14/14 MP: 3/3
   201 | D:1      | Reached skill level 1 in Throwing
   201 | D:1      | Reached XP level 2. HP: 20/20 MP: 5/5
   304 | D:1      | Found Zoudijiat's Assorted Antiques.
   891 | D:2      | Reached XP level 3. HP: 26/26 MP: 6/6
   932 | D:2      | Noticed Natasha
   966 | D:2      | Killed Natasha
  1138 | D:2      | Learned a level 3 spell: Ozocubu's Armour
  1152 | D:2      | Noticed Natasha
  1160 | D:2      | Killed Natasha
  1161 | D:2      | Reached XP level 4. HP: 24/33 MP: 7/7
  1167 | D:2      | Noticed Natasha
  1175 | D:2      | Gained mutation: You are weak. (Str -2) [potion of
                  | mutation]
  1175 | D:2      | Gained mutation: You have a pair of small horns on your
                  | head. [potion of mutation]
  1175 | D:2      | Slain by Natasha

Illustrated notes

Levels and vault maps discovered:
D:1:      dpeg_arrival_connections, layout_basic, serial_shops, shop
D:2:      layout_loops_ring, hellmonk_ecumenical_altar_crossroads,
          serial_bayou_ford_a, uniq_terence, uniq_natasha

Skill      XL: |  1  2  3 |
---------------+----------+-----
Throwing       | 1 2 3 |  3.4
Dodging        | |  1.7
Stealth        | |  1.7
Spellcasting   | |  2.1
Ice Magic      | |  4.1

Action                   |  1- 3 |  4- 6 || total
-------------------------+-------+-------++-------
Melee: Short sword       |    12 |       ||    12
       Tailslap          |     7 |       ||     7
       Dagger            |    37 |     5 ||    42
Throw: Boomerang         |    60 |     2 ||    62
 Cast: Freeze            |     3 |     2 ||     5
  Use: Potion            |       |     2 ||     2
 Stab: Sleeping          |     1 |       ||     1
Armor: Skin              |    14 |     4 ||    18
Dodge: Dodged            |    39 |     8 ||    47

Table legend: (Time is in decaauts)
 A = Elapsed time spent in this place.
 B = Non-inter-level travel time spent in this place.
 C = Inter-level travel time spent in this place.
 D = Time resting spent in this place.
 E = Time spent auto-exploring this place.
 F = Levels seen in this place.
 G = Mean time per level.
                   A        B        C        D        E       F      G
               +--------+--------+--------+--------+--------+-----+--------+
         Total |   1202 |   1193 |      9 |    155 |    773 |   2 |  601.0 |
       Dungeon |   1202 |   1193 |      9 |    155 |    773 |   2 |  601.0 |
               +--------+--------+--------+--------+--------+-----+--------+

Top non-repeatable levels by time:
     D:1: 849 daAuts
     D:2: 353 daAuts
